 Dungeon Crawl Stone Soup version 0.22.1 (webtiles) character file.

6019 n0claF the Thaumaturge (level 10, -12/74 HPs)
             Began as a Gnoll Wizard on Sept 17, 2018.
             Was a Believer of Ashenzari.
             Mangled by a merfolk
             ... wielding a +0 spear
              (19 damage)
             ... on level 9 of the Dungeon.
             The game lasted 00:54:31 (13928 turns).

n0claF the Thaumaturge (Gnoll Wizard)              Turns: 13928, Time: 00:54:32

Health: -12/74     AC:  5    Str: 10    XL:     10   Next: 86%
Magic:  3/23       EV: 17    Int: 23    God:    Ashenzari [**....]
Gold:   747        SH:  0    Dex: 14    Spells: 13/27 levels left

rFire    . . .     SeeInvis .   x - +1 halberd (protect) (curse)
rCold    + . .     Gourm    .   (shield currently unavailable)
rNeg     . . .     Faith    .   a - +0 robe
rPois    .         Spirit   .   b - +0 hat (curse)
rElec    .         Reflect  .   f - +0 cloak (curse)
rCorr    .         Harm     .   (no gloves)
MR       +....                  u - +0 pair of boots (curse)
Stlth    ++++......             (no amulet)
HPRegen  0.22/turn              l - ring of protection from magic (curse)
MPRegen  0.18/turn              w - ring of protection from cold

@: no status effects
A: distributed training, fangs 1, strong nose
a: Curse Item, Scrying, Renounce Religion


You were on level 9 of the Dungeon.
You worshipped Ashenzari.
Ashenzari was pleased with you.
You were very hungry.

You visited 1 branch of the dungeon, and saw 9 of its levels.

You collected 747 gold pieces.

Inventory:

Hand Weapons
 x - a cursed +1 halberd of protection (weapon)
   (You took it off a gnoll on level 4 of the Dungeon)
Armour
 a - a +0 robe (worn)
 b - a cursed +0 hat (worn)
 f - a cursed +0 cloak (worn)
   (You found it on level 1 of the Dungeon)
 m - a +2 chain mail of magic resistance
   (You took it off an orc on level 8 of the Dungeon)
 u - a cursed +0 pair of boots (worn)
   (You found it on level 3 of the Dungeon)
Jewellery
 l - a cursed ring of protection from magic (left hand)
   (You found it on level 8 of the Dungeon)
 r - an uncursed ring of resist corrosion
   (You found it on level 3 of the Dungeon)
 w - a ring of protection from cold (right hand)
   (You found it on level 4 of the Dungeon)
 y - a +3 ring of dexterity
   (You found it on level 4 of the Dungeon)
 F - an uncursed ring of flight
   (You found it on level 9 of the Dungeon)
 H - an uncursed ring of magical power
   (You found it on level 9 of the Dungeon)
 I - an uncursed ring of stealth
   (You found it on level 9 of the Dungeon)
 K - an uncursed amulet of rage
   (You found it on level 9 of the Dungeon)
Wands
 c - a wand of disintegration (2) {!d}
   (You took it off a gnoll on level 9 of the Dungeon)
 t - a wand of flame (22)
   (You took it off a hobgoblin on level 3 of the Dungeon)
 C - a wand of clouds (4)
   (You found it on level 8 of the Dungeon)
Scrolls
 g - 2 scrolls of remove curse {@r2}
 h - 3 scrolls of magic mapping
 j - a scroll of enchant armour {unknown}
 k - 4 scrolls of identify {@r1}
 p - 5 scrolls of fear
 q - a scroll of blinking
 v - a scroll of immolation {unknown}
 B - 4 scrolls of amnesia
 D - 2 scrolls of enchant weapon {unknown}
 J - a scroll of teleportation {@r4}
Potions
 d - a potion of brilliance {unknown}
 i - a potion of haste {unknown}
 n - a potion of agility {unknown}
 o - a potion of lignification {!q}
 s - a potion of resistance {unknown}
 z - 2 potions of curing {@q1}
 A - a potion of degeneration {unknown}
 E - a potion of mutation {unknown}
 G - 4 potions of flight
Comestibles
 e - 8 rations {!d}


   Skills:
 + Level 5.5 Fighting
 + Level 5.5 Short Blades
 + Level 5.5 Long Blades
 + Level 5.5 Axes
 + Level 5.5 Maces & Flails
 + Level 5.5(8.6) Polearms
 + Level 5.5 Staves
 + Level 5.5 Slings
 + Level 5.5 Bows
 + Level 5.5 Crossbows
 + Level 5.5 Throwing
 + Level 5.5 Armour
 + Level 7.3(8.8) Dodging
 + Level 7.0(8.5) Stealth
 + Level 5.5 Shields
 + Level 5.5 Unarmed Combat
 + Level 9.1 Spellcasting
 + Level 5.1 Conjurations
 + Level 4.6 Hexes
 + Level 4.6 Charms
 + Level 5.1 Summonings
 + Level 4.6 Necromancy
 + Level 5.1 Translocations
 + Level 4.6 Transmutations
 + Level 4.6 Fire Magic
 + Level 4.6 Ice Magic
 + Level 4.6 Air Magic
 + Level 4.6 Earth Magic
 + Level 4.6 Poison Magic
 + Level 6.1 Invocations
 + Level 5.5 Evocations


You had 13 spell levels left.
You knew the following spells:

 Your Spells              Type           Power        Failure   Level  Hunger
a - Magic Dart            Conj           ####         1%          1    None
b - Call Imp              Summ           ####....     1%          2    None
c - Mephitic Cloud        Conj/Pois/Air  ####....     2%          3    None
d - Conjure Flame         Conj/Fire      ####....     2%          3    None
e - Blink                 Tloc           N/A          1%          2    None
f - Tukima's Dance        Hex            ####....     2%          3    None

Your spell library contained the following spells:

 Spells                   Type           Power        Failure   Level  Hunger
 Animate Skeleton         Necr           N/A          1%          1    None
 Apportation              Tloc           ####..       1%          1    None
 Confusing Touch          Hex            ####..       1%          1    None
 Corona                   Hex            ####...      1%          1    None
 Pain                     Necr           ####         1%          1    None
 Summon Small Mammal      Summ           ####         1%          1    None
 Ensorcelled Hibernation  Hex/Ice        ####..       1%          2    None
 Slow                     Hex            ####....     1%          2    None
 Confuse                  Hex            ####....     2%          3    None
 Dazzling Spray           Conj/Hex       ####..       2%          3    None
 Gell's Gravitas          Tloc           ####......   2%          3    None
 Regeneration             Chrm/Necr      ####......   2%          3    None
 Vampiric Draining        Necr           ####......   2%          3    None
 Animate Dead             Necr           N/A          10%         4    ##.....
 Petrify                  Tmut/Erth      ####....     10%         4    ##.....
 Metabolic Englaciation   Hex/Ice        ####......   26%         5    ####...
 Yara's Violent Unravell  Hex/Tmut       ####......   26%         5    ####...


Dungeon Overview and Level Annotations

Branches:
Dungeon (9/15)             Temple (0/1) D:5            Lair (0/6) D:8
    Orc: D:9-12

Altars:
Ashenzari
Elyvilon
Fedhas
Okawaru
Uskayaw
Wu Jian


Innate Abilities, Weirdness & Mutations

Your experience applies equally to all skills.
You have very sharp teeth.
Your uncanny sense of smell can sniff out nearby items.


Message History

The magic dart hits the merfolk.
The merfolk hits you but does no damage.
Aim: a merfolk, wielding a spear (moderately wounded)
The magic dart hits the merfolk.
The merfolk hits you from afar with a spear!
Aim: a merfolk, wielding a spear (heavily wounded)
The magic dart hits the merfolk.
The merfolk completely misses you.
Aim: a merfolk, wielding a spear (heavily wounded)
The magic dart hits the merfolk.
The merfolk hits you but does no damage.
Aim: a merfolk, wielding a spear (heavily wounded)
The magic dart hits the merfolk.
The merfolk hits you from afar with a spear!
Aim: a merfolk, wielding a spear (heavily wounded)
The magic dart hits the merfolk.
The merfolk hits you from afar with a spear.
Aim: a merfolk, wielding a spear (severely wounded)
The magic dart hits the merfolk.
The merfolk barely misses you.
Aim: a merfolk, wielding a spear (severely wounded)
The magic dart hits the merfolk.
The merfolk completely misses you.
Aim: a merfolk, wielding a spear (severely wounded)
The magic dart hits the merfolk.
The merfolk hits you from afar with a spear!!
* * * LOW HITPOINT WARNING * * *
You are too injured to fight recklessly!
You are too injured to fight recklessly!
You are too injured to fight recklessly!
Unknown command.
Aim: a merfolk, wielding a spear (severely wounded)
The magic dart hits the merfolk.
You are feeling very hungry.
The merfolk closely misses you.
Aim: a merfolk, wielding a spear (almost dead)
The magic dart hits the merfolk.
The merfolk closely misses you.
Aim: a merfolk, wielding a spear (almost dead)
The magic dart hits the merfolk.
The merfolk hits you from afar with a spear!
* * * LOW HITPOINT WARNING * * *
Aim: a merfolk, wielding a spear (severely wounded)
The magic dart hits the merfolk.
The merfolk completely misses you.
Aim: a merfolk, wielding a spear (almost dead)
The magic dart hits the merfolk.
The merfolk hits you from afar with a spear!
* * * LOW HITPOINT WARNING * * *
The merfolk hits you from afar with a spear!
* * * LOW HITPOINT WARNING * * *
A beastly little devil appears in a puff of frigid air.
The merfolk barely misses you.
The merfolk hits you from afar with a spear!!
You die...

#.........# #........###
* #.. #.........#
#........# #|.
######'#### ##########
#.. #.[.# ###≈≈≈≈# ###
#.### #('m...# ####.####
#.#†#.%#, #### ........#
##m######.## #...
........#
#............#*#...
........#
#.@.........o..#...
........###
#.........,,,#o55..
..........#####..5......
###...
........#...............,
#...
........#######.........
#... ######### ##########
** ####


You could see a merfolk and a friendly white imp.

Vanquished Creatures
  A wyvern (D:8)
  7 yaks
  A hungry ghost (D:9)
  3 porcupines (D:8)
  3 ice beasts
  An orc warrior (D:7)
  4 phantoms
  2 black bears (D:8)
  2 necrophages
  4 ogres
  5 centaurs
  3 bullfrogs
  A wyvern skeleton (D:9)
  3 scorpions
  5 howler monkeys
  A crimson imp (D:6)
  2 bullfrog zombies
  A quasit (D:9)
  3 hounds
  3 orc priests
  4 orc wizards
  2 bullfrog skeletons (D:5)
  Natasha (twice) (D:2)
  7 worker ants
  A hound skeleton (D:9)
  7 adders
  8 gnolls
  A shadow imp (D:7)
  An adder zombie (D:8)
  5 worms
  2 dart slugs
  3 leopard geckos
  12 orcs
  8 bats
  8 giant cockroaches
  7 goblins
  14 hobgoblins
  14 jackals
  11 kobolds
  3 quokkas
  2 ball pythons
  3 frilled lizards
  A quokka zombie (D:5)
  7 rats
188 creatures vanquished.

Vanquished Creatures (collateral kills)
  A two-headed ogre (D:9)
  4 yaks
  A black bear (D:7)
  An ogre (D:9)
  A big kobold (D:5)
  4 bullfrogs
  A scorpion (D:9)
  2 howler monkeys
  3 crimson imps
  4 hounds
  4 orc wizards
  A centaur skeleton (D:6)
  Natasha (D:2)
  2 iguanas
  3 worker ants
  A hound skeleton (D:5)
  An adder (D:7)
  6 gnolls
  A howler monkey skeleton (D:6)
  An ooze (D:3)
  An adder skeleton (D:5)
  A leopard gecko (D:6)
  11 orcs
  A hobgoblin (D:2)
  A kobold (D:5)
  A ball python (D:4)
  A rat (D:2)
60 creatures vanquished.

Vanquished Creatures (others)
  A bullfrog (D:7)
  16 fungi (D:8)
  5 plants (D:8)
22 creatures vanquished.

Grand Total: 270 creatures vanquished

Notes
Turn   | Place    | Note
-------+----------+-------------------------------------------
     0 | D:1      | n0claF the Gnoll Wizard began the quest for the Orb.
     0 | D:1      | Reached XP level 1. HP: 13/13 MP: 8/8
   232 | D:1      | Reached XP level 2. HP: 19/19 MP: 0/10
   630 | D:1      | Reached XP level 3. HP: 25/25 MP: 6/11
  1073 | D:2      | Reached skill level 1 in Invocations
  1340 | D:2      | Reached skill level 1 in Fighting
  1340 | D:2      | Reached skill level 1 in Short Blades
  1340 | D:2      | Reached skill level 1 in Long Blades
  1340 | D:2      | Reached skill level 1 in Axes
  1340 | D:2      | Reached skill level 1 in Maces & Flails
  1340 | D:2      | Reached skill level 1 in Polearms
  1340 | D:2      | Reached skill level 1 in Staves
  1340 | D:2      | Reached skill level 1 in Slings
  1340 | D:2      | Reached skill level 1 in Bows
  1340 | D:2      | Reached skill level 1 in Crossbows
  1340 | D:2      | Reached skill level 1 in Throwing
  1340 | D:2      | Reached skill level 1 in Armour
  1340 | D:2      | Reached skill level 1 in Shields
  1340 | D:2      | Reached skill level 1 in Unarmed Combat
  1340 | D:2      | Reached skill level 1 in Evocations
  1404 | D:2      | Noticed Natasha
  1409 | D:2      | Killed Natasha
  1409 | D:2      | Reached XP level 4. HP: 24/32 MP: 4/13
  1475 | D:2      | Learned a level 2 spell: Call Imp
  1479 | D:2      | Learned a level 3 spell: Conjure Flame
  1483 | D:2      | Learned a level 3 spell: Mephitic Cloud
  1486 | D:2      | Learned a level 2 spell: Blink
  1701 | D:2      | Reached skill level 1 in Hexes
  1701 | D:2      | Reached skill level 1 in Charms
  1701 | D:2      | Reached skill level 1 in Necromancy
  1701 | D:2      | Reached skill level 1 in Transmutations
  1701 | D:2      | Reached skill level 1 in Fire Magic
  1701 | D:2      | Reached skill level 1 in Ice Magic
  1701 | D:2      | Reached skill level 1 in Air Magic
  1701 | D:2      | Reached skill level 1 in Earth Magic
  1701 | D:2      | Reached skill level 1 in Poison Magic
  1921 | D:2      | Noticed Natasha
  1926 | D:2      | Killed Natasha
  1926 | D:2      | Reached XP level 5. HP: 37/37 MP: 7/14
  2003 | D:2      | Noticed Natasha
  2032 | D:2      | Killed Natasha
  2810 | D:3      | Found a shattered altar of Ashenzari.
  2931 | D:3      | Reached XP level 6. HP: 18/44 MP: 10/16
  3194 | D:3      | Became a worshipper of Ashenzari the Shackled
  3683 | D:3      | Reached skill level 5 in Dodging
  4600 | D:4      | Reached XP level 7. HP: 45/50 MP: 11/18
  5143 | D:5      | Entered Level 5 of the Dungeon
  5366 | D:5      | Reached skill level 5 in Stealth
  5417 | D:5      | Reached * piety under Ashenzari
  5737 | D:5      | Found a staircase to the Ecumenical Temple.
  5938 | D:4      | Reached XP level 8. HP: 28/57 MP: 6/19
  6450 | D:5      | Learned a level 2 spell: Blink
  7051 | D:6      | Found a hide-covered altar of Uskayaw.
  7051 | D:6      | Noticed a hand axe
  7051 | D:6      | Noticed a hand axe
  7362 | D:6      | Reached skill level 8 in Spellcasting
  7821 | D:6      | Found a blossoming altar of Fedhas.
  7824 | D:6      | Found an iron altar of Okawaru.
  7829 | D:6      | Reached XP level 9. HP: 63/65 MP: 18/21
  9017 | D:7      | Found an ornate altar of the Wu Jian Council.
  9470 | D:7      | Reached ** piety under Ashenzari
  9898 | D:8      | Reached skill level 5 in Invocations
  9907 | D:8      | Found a staircase to the Lair.
 10033 | D:8      | Reached XP level 10. HP: 16/73 MP: 0/22
 10443 | D:8      | Learned a level 3 spell: Tukima's Dance
 10646 | D:8      | Reached skill level 5 in Fighting
 10646 | D:8      | Reached skill level 5 in Short Blades
 10646 | D:8      | Reached skill level 5 in Long Blades
 10646 | D:8      | Reached skill level 5 in Axes
 10646 | D:8      | Reached skill level 5 in Maces & Flails
 10646 | D:8      | Reached skill level 5 in Polearms
 10646 | D:8      | Reached skill level 5 in Staves
 10646 | D:8      | Reached skill level 5 in Slings
 10646 | D:8      | Reached skill level 5 in Bows
 10646 | D:8      | Reached skill level 5 in Crossbows
 10646 | D:8      | Reached skill level 5 in Throwing
 10646 | D:8      | Reached skill level 5 in Armour
 10646 | D:8      | Reached skill level 5 in Shields
 10646 | D:8      | Reached skill level 5 in Unarmed Combat
 10646 | D:8      | Reached skill level 5 in Evocations
 11042 | D:8      | Found a white marble altar of Elyvilon.
 12213 | D:9      | Noticed a two-headed ogre
 12256 | D:9      | Killed a two-headed ogre
 12256 | D:9      | Reached skill level 9 in Spellcasting
 12657 | D:9      | Reached skill level 5 in Conjurations
 12657 | D:9      | Reached skill level 5 in Summonings
 12657 | D:9      | Reached skill level 5 in Translocations
 13928 | D:9      | Mangled by a merfolk

Skill      XL: |  1  2  3  4  5  6  7  8  9 10 |
---------------+-------------------------------+-----
Conjurations   | 2 3 4 5 |  5.1
Summonings     | 2 3 4 5 |  5.1
Translocations | 2 3 4 5 |  5.1
Invocations    | 1 2 3 4 5 6 |  6.1
Fighting       | 1 2 3 4 5 |  5.5
Short Blades   | 1 2 3 4 5 |  5.5
Long Blades    | 1 2 3 4 5 |  5.5
Axes           | 1 2 3 4 5 |  5.5
Maces & Flails | 1 2 3 4 5 |  5.5
Polearms       | 1 2 3 4 5 |  5.5
Staves         | 1 2 3 4 5 |  5.5
Slings         | 1 2 3 4 5 |  5.5
Bows           | 1 2 3 4 5 |  5.5
Crossbows      | 1 2 3 4 5 |  5.5
Throwing       | 1 2 3 4 5 |  5.5
Armour         | 1 2 3 4 5 |  5.5
Shields        | 1 2 3 4 5 |  5.5
Unarmed Combat | 1 2 3 4 5 |  5.5
Evocations     | 1 2 3 4 5 |  5.5
Hexes          | 1 2 3 4 |  4.6
Charms         | 1 2 3 4 |  4.6
Necromancy     | 1 2 3 4 |  4.6
Transmutations | 1 2 3 4 |  4.6
Fire Magic     | 1 2 3 4 |  4.6
Ice Magic      | 1 2 3 4 |  4.6
Air Magic      | 1 2 3 4 |  4.6
Earth Magic    | 1 2 3 4 |  4.6
Poison Magic   | 1 2 3 4 |  4.6
Dodging        | 5 6 7 |  7.3
Stealth        | 5 6 7 |  7.0
Spellcasting   | 8 9 |  9.1

Action                   |  1- 3 |  4- 6 |  7- 9 | 10-12 || total
-------------------------+-------+-------+-------+-------++-------
Melee: Short sword       |    10 |       |       |       ||    10
       Halberd           |       |    16 |   225 |   137 ||   378
       Bite              |       |     1 |    19 |    14 ||    34
 Cast: Magic Dart        |   107 |   162 |   210 |    94 ||   573
       Blink             |       |     1 |       |       ||     1
       Call Imp          |       |    11 |    81 |    62 ||   154
       Conjure Flame     |       |     3 |     5 |     6 ||    14
       Mephitic Cloud    |       |       |     4 |     7 ||    11
Invok: Curse Item        |       |     4 |     2 |     1 ||     7
  Use: Scroll            |       |       |    13 |     1 ||    14
       Potion            |       |       |     4 |       ||     4
 Stab: Distracted        |       |       |     2 |     1 ||     3
       Sleeping          |       |       |     2 |       ||     2
       Confused          |       |       |     1 |       ||     1
  Eat: Chunk             |     1 |     6 |    11 |     2 ||    20
       Ration            |       |     1 |     2 |     3 ||     6
Armor: Robe              |     5 |     5 |    47 |    24 ||    81
Dodge: Dodged            |    30 |    38 |   242 |   108 ||   418
